 Seeded DCSS version 0.30.0-30-g96aa6591b8 (webtiles) character file.

Game seed: 5262528099854255737 (custom seed)

44 CInkIbrahim the Slasher (level 3, 18/18 HPs)
             Began as a Vine Stalker Gladiator on June 28, 2023.
             Quit the game on level 2 of the Dungeon.
             The game lasted 00:01:46 (823 turns).

CInkIbrahim the Slasher (Vine Stalker Gladiator)     Turns: 823, Time: 00:01:47

Health: 18/18      AC:  9    Str: 22    XL:     3   Next: 60%
Magic:  4/4        EV: 12    Int:  8    God:
Gold:   146        SH:  0    Dex: 17    Spells: 2/2 levels left

rFire   + . .        b - +0 short sword (vamp)
rCold   . . .        (no shield)
rNeg    . . .        k - +1 ring mail {rF+}
rPois   +            c - +0 helmet
rElec   .            m - +1 cloak
rCorr   .            (no gloves)
SInv    .            (no boots)
Will    .....        (no amulet)
Stlth   +            i - ring of poison resistance
HPRegen 0.23/turn    o - +6 ring of strength
MPRegen 0.09/turn

%: guardian spirit
@: no status effects
A: fangs 2, magic shield, antimagic bite, no potion heal 2
a: no special abilities


You were on level 2 of the Dungeon.
You visited 1 branch of the dungeon, and saw 2 of its levels.

You collected 146 gold pieces.

Inventory:

Hand Weapons
 a - a +0 long sword
 b - a +0 vampiric short sword (weapon)
Missiles
 d - 3 throwing nets (quivered)
 e - a javelin
Armour
 c - a +0 helmet (worn)
 h - a +0 leather armour
 j - a +0 kite shield
 k - a +1 ring mail of fire resistance (worn)
 m - a +1 cloak (worn)
Jewellery
 i - a ring of poison resistance (left hand)
 o - a +6 ring of strength (right hand)
Scrolls
 p - a scroll of acquirement
 q - a scroll of immolation {unknown}
Potions
 f - a potion of haste {unknown}
 g - a potion of might {unknown}
 l - a potion of curing {unknown}
 n - a potion of heal wounds {unknown}


   Skills:
 - Level 1.7 Fighting
 + Level 4.1 Long Blades
 - Level 1.7 Throwing
 - Level 2.4 Dodging


You had 2 spell levels left.
You didn't know any spells.
Your spell library was empty.

Dungeon Overview and Level Annotations

Branches:
Dungeon (2/15)

Altars:

Shops:
D:1 :


Innate Abilities, Weirdness & Mutations

You have extremely sharp teeth.
When hurt, damage is shared between your health and your magic reserves.
Your bite disrupts and absorbs the magic of your enemies.
Potions cannot restore your health.


Message History

You kill the ball python!
The kobold attacks as you move away! The kobold hits you with a +0 club.
The kobold hits you but does no damage. The kobold attacks as you move away!
The kobold hits you but does no damage.
You hit the kobold.
You feel better.
Your bite misses the kobold.
The kobold is heavily wounded.
The kobold hits you but does no damage.
You hit the kobold.
You kill the kobold!
Things that are here:
a +0 club; a scroll labelled YCUGALID WUAMMAT You hit the goblin.
The goblin is moderately wounded.
The goblin misses you.
You hit the goblin.
You kill the goblin!
No target in view!
No target in view!
No target in view!
No target in view!
No target in view!
p - a scroll labelled YZUZOF WODOFOC
Things that are here:
a +0 club; a goblin corpse A rat comes into view.
The rat moves out of view.
Okay, then.
A rat is nearby!
No reachable target in view!
You closely miss the rat. The rat bites you but does no damage.
You closely miss the rat. Your bite misses the rat. The rat bites you.
You hit the rat but do no damage. You bite the rat.
You kill the rat!
Found a bubbling orange potion.
HP restored.
q - a scroll labelled YCUGALID WUAMMAT You see here a +0 club.
No target in view!
This is a scroll of acquirement!
Are you sure you want to abandon this character and quit the game? (Confirm with "yes".)

######### ........#
.P.~~..P.# P.~≈~~...########
~~≈~≈~~.........####.#
~~~≈~≈~P...#).......# ..
~≈~~≈≈≈~..(#@##.##.#.# .#
≈~≈≈≈≈≈≈.###.##†#.... ..#
!~~~~~~♣.....##.#..# # #..
..~~~~....#####.#..# #.#
.P.~≈~...######.#..###.#
...~~...P.......#..##..#
P.........##...........# ##.
#####.######.####..##.#.##..
... #. #.....# ..#


There were no monsters in sight!

Vanquished Creatures
  An adder (D:2)
  A dart slug (D:1)
  2 bats (D:1)
  4 endoplasms (D:1)
  A giant cockroach (D:1)
  2 jackals (D:1)
  A quokka (D:1)
  3 ball pythons
  A frilled lizard (D:1)
  8 goblins
  2 kobolds
  4 rats
30 creatures vanquished.

Notes
Turn   | Place    | Note
-------+----------+-------------------------------------------
     0 | D:1      | CInkIbrahim the Vine Stalker Gladiator began the quest for
                  | the Orb.
     0 | D:1      | Reached XP level 1. HP: 11/11 MP: 2/2
   101 | D:1      | Reached skill level 3 in Long Blades
   108 | D:1      | Reached XP level 2. HP: 11/15 MP: 3/3
   348 | D:1      | Found Zojak's Book Boutique.
   360 | D:1      | Reached XP level 3. HP: 18/18 MP: 4/4
   761 | D:2      | Reached skill level 4 in Long Blades
   823 | D:2      | Identified a scroll of acquirement
   823 | D:2      | Quit the game

Illustrated notes

Levels and vault maps discovered:
D:1:      scummos_arrival_simple_crosswalls, layout_basic, serial_shops, shop,
          skrybe_limestone_x
D:2:      layout_loops_ring, serial_shops, nicolae_shop_waterfront,
          grunt_ministairs_15, kennysheep_path_1, guppyfry_early_lair_pool

Skill      XL: |  1  2  3 |
---------------+----------+-----
Long Blades    | 3 4 |  4.1
Fighting       | |  1.7
Throwing       | |  1.7
Dodging        | |  2.4

Action                     || total
---------------------------++-------
  Melee: Long sword        ||    23
         Bite              ||    21
         Short sword       ||    43
 Armour: Leather armour    ||    14
         Ring mail         ||     7
  Dodge: Dodged            ||    37
